 Dungeon Crawl Stone Soup version 0.28-a0-1159-g27aa881441 (webtiles) character file.

Game seed: 14955543342156026439

98 mainiacjoe the Sneak (level 4, -8/31 HPs)
             Began as an Octopode Delver on Dec 16, 2021.
             Was a Follower of Uskayaw.
             Mangled by a worm (12 damage)
             ... on level 2 of the Dungeon.
             The game lasted 00:07:51 (3530 turns).

mainiacjoe the Sneak (Octopode Delver)              Turns: 3530, Time: 00:07:52

Health: -8/31      AC:  1    Str: 11    XL:     4   Next: 69%
Magic:  5/5        EV: 14    Int: 12    God:    Uskayaw [*.....]
Gold:   51         SH:  0    Dex: 15    Spells: 3/3 levels left

rFire   . . .      SeeInvis .   w - +0 short sword
rCold   . . .      Faith    .   (no shield)
rNeg    . . .      Spirit   .   (helmet restricted)
rPois   .          Reflect  .   (no amulet)
rElec   .          Harm     .   (no ring)
rCorr   .          Rampage  .   (no ring)
Will    .....                   (no ring)
Stlth   +++++.....              (no ring)
HPRegen 0.10/turn               (no ring)
MPRegen 0.09/turn               (no ring)
                                (no ring)
                                (no ring)

@: no status effects
A: almost no armour, amphibious, 8 rings, camouflage 1, gelatinous body 1,
(nimble swimmer 1), tentacles
a: Renounce Religion, Stomp


You were on level 2 of the Dungeon.
You worshipped Uskayaw.
Uskayaw was noncommittal.
You visited 2 branches of the dungeon, and saw 6 of its levels.

You collected 123 gold pieces.
You spent 72 gold pieces at shops.

Inventory:

Hand Weapons
 a - a +0 dagger
 b - a +0 hunting sling
 w - a +0 short sword (weapon)
Missiles
 i - 112 stones
 n - 4 poisoned darts (quivered)
Wands
 f - a wand of digging (3)
Scrolls
 c - a scroll of magic mapping
 d - 2 scrolls of fear
 g - a scroll of enchant weapon {unknown}
 h - a scroll of noise {unknown}
 l - a scroll of blinking {unknown}
 m - 2 scrolls of teleportation {unknown}
 o - a scroll of fog
 p - a scroll of enchant armour {unknown}
 q - 2 scrolls of identify {unknown}
Potions
 e - a potion of haste
 j - a potion of invisibility {unknown}
 k - 2 potions of curing


   Skills:
 - Level 3.0 Fighting
 * Level 3.2 Short Blades
 + Level 2.7 Dodging
 + Level 7.1 Stealth
 * Level 2.1 Invocations


You had 3 spell levels left.
You didn't know any spells.
Your spell library contained the following spells:

 Spells                   Type           Power      Damage    Failure   Level
 Sublimation of Blood     Necr           0%         N/A       45%         2
 Wereblood                Tmut           0%         N/A       45%         2
 Summon Hydra             Summ           0%         N/A       100%        7


Dungeon Overview and Level Annotations

Branches:
Dungeon (5/15)             Temple (1/1) D:4

Altars:
Ashenzari
Cheibriados
Dithmenos
Elyvilon
Fedhas
Gozag
Hepliaklqana
Kikubaaqudgha
Makhleb
Nemelex Xobeh
Okawaru
Qazlal
Ru
Sif Muna
Trog
Uskayaw
Vehumet
Wu Jian
Yredelemnul
Zin
The Shining One

Shops:
D:4 *

Annotations:
D:2 Sigmund
D:5 exclusions: ogre and scorpion


Innate Abilities, Weirdness & Mutations

You cannot wear most types of armour.
You are amphibious.
You can wear up to eight rings at the same time.
Your skin changes colour to match your surroundings (Stealth+).
Your rubbery body absorbs attacks. (AC +1, EV +1)
((You are camouflaged near water. (Stealth+)))
You have tentacles for arms and can constrict up to eight enemies at once.


Message History

You shoot a stone. The stone closely misses Sigmund.
You shoot a stone. The stone closely misses Sigmund.
You shoot a stone. The stone hits Sigmund.
Sigmund is moderately wounded.
You shoot a stone. The stone completely misses Sigmund.
Sigmund casts a spell at you.
You are confused.
You are too confused!
Unknown command.
a - a +0 dagger (weapon)
Sigmund gestures at you while chanting. You resist with some effort.
w - a +0 short sword (weapon)
Sigmund hits you from afar with a +0 scythe!
Sigmund gestures wildly while chanting.
Sigmund flickers and vanishes!
Deactivating autopickup; reactivate with Ctrl-A.
You hear some strange, mumbled words.
Something tries to affect you, but you resist.
The worm bites you.
You feel less confused.
You hear some strange, mumbled words.
You are confused.
The worm closely misses you. Something hits you. Something hits you.
You're too confused to move!
Something hits you.
* * * LOW HITPOINT WARNING * * *
The worm barely misses you.
You bump into the rock wall.
You feel less confused. Something hits you.
* * * LOW HITPOINT WARNING * * *
The worm barely misses you.
You closely miss something. Something barely misses you.
You barely miss something. The worm closely misses you.
You hit something but do no damage.
You hear some strange, mumbled words.
A puff of flame appears from out of thin air!
The puff of flame misses you. The worm bites you!
You die...

#.# #. #.## #. ... #.## #
#.###..# .###
#######.>.##.### ###....
...............###.....#.
.########.##.......).........
..#######.####...............
...........# ###@w.....(.....
#....####### #.{....(....?.
.###.##### ####..(..(.......
..<......####................
#####..............(.........
########.......(.<....w..
##########..........$#b....
##.................?.## ###
##..#########.........#


You could see a worm.

Vanquished Creatures
  2 adders
  An ufetubus (D:5)
  A worm (D:3)
  A dart slug (D:3)
  5 bats
  An endoplasm (D:3)
  3 giant cockroaches
  9 goblins
  8 hobgoblins
  4 jackals (D:2)
  3 quokkas
  8 ball pythons
  5 frilled lizards
  6 kobolds
  9 rats
66 creatures vanquished.

Notes
Turn   | Place    | Note
-------+----------+-------------------------------------------
     0 | D:5      | mainiacjoe the Octopode Delver began the quest for the Orb.
     0 | D:5      | Reached XP level 1. HP: 16/16 MP: 1/1
   146 | D:5      | Noticed a scorpion
   247 | D:5      | Noticed an ogre
   378 | D:4      | Noticed an orc priest
   390 | D:4      | Found Mygyem's General Store.
   395 | D:4      | Reached XP level 2. HP: 21/21 MP: 2/2
   413 | D:4      | Found a staircase to the Ecumenical Temple.
   423 | Temple   | Entered the Ecumenical Temple
   624 | Temple   | Became a worshipper of Uskayaw the Reveller
   652 | D:4      | Reached * piety under Uskayaw
   798 | D:3      | Reached ** piety under Uskayaw
   803 | D:3      | Reached *** piety under Uskayaw
  1109 | D:3      | Reached XP level 3. HP: 21/26 MP: 3/3
  1387 | D:3      | Reached skill level 1 in Invocations
  1490 | D:4      | Bought 2 potions of curing for 72 gold pieces
  1824 | D:2      | Reached XP level 4. HP: 31/31 MP: 5/5
  1829 | D:2      | Reached skill level 7 in Stealth
  2108 | D:2      | Noticed Sigmund
  3530 | D:2      | Mangled by a worm

Illustrated notes

Levels and vault maps discovered:
D:1:      grunt_arrival_crossed_arrows, layout_rooms, minmay_misc_feat_five
D:2:      layout_rooms, basic_altar, uniq_sigmund
D:3:      layout_rooms, serial_corexii_hall, chequers_hall_statues_wall_a,
          corexii_hall_statues_deadend, chequers_hall_statues_y,
          chequers_hall_statues_corner_a
D:4:      layout_basic, minmay_temple_entry_antechambers, chequers_mini_garden,
          nicolae_stop_n_shop_2, kennysheep_potato, uniq_menkaure
D:5:      layout_loops_corners, serial_shops, shop, hangedman_decor_points
Temple:   minmay_crystal_snake_temple

Skill      XL: |  1  2  3  4 |
---------------+-------------+-----
Invocations    | 1 2 |  2.1
Short Blades   | 3 |  3.2
Stealth        | 7 |  7.1
Fighting       | |  3.0
Dodging        | |  2.7

Action                   |  1- 3 |  4- 6 || total
-------------------------+-------+-------++-------
Melee: Short sword       |    45 |    20 ||    65
       Constrict         |    10 |    16 ||    26
       Tentacles         |     4 |     7 ||    11
       Dagger            |       |    27 ||    27
       Unarmed           |       |     3 ||     3
 Fire: Hunting sling     |       |    48 ||    48
Throw: Stone             |    29 |    23 ||    52
       Dart              |    30 |    39 ||    69
 Stab: Sleeping          |     5 |     2 ||     7
Armor: Skin              |     3 |     3 ||     6
Dodge: Dodged            |    17 |    37 ||    54

Table legend: (Time is in decaauts)
 A = Elapsed time spent in this place.
 B = Non-inter-level travel time spent in this place.
 C = Inter-level travel time spent in this place.
 D = Time resting spent in this place.
 E = Time spent auto-exploring this place.
 F = Levels seen in this place.
 G = Mean time per level.
                   A        B        C        D        E       F      G
               +--------+--------+--------+--------+--------+-----+--------+
         Total |   3518 |   3343 |    175 |    735 |   1938 |   6 |  586.3 |
       Dungeon |   3309 |   3171 |    138 |    735 |   1788 |   5 |  661.8 |
        Temple |    208 |    171 |     37 |      0 |    150 |   1 |  208.0 |
               +--------+--------+--------+--------+--------+-----+--------+

Top non-repeatable levels by time:
     D:1: 1339 daAuts
     D:3: 1002 daAuts
     D:5: 388 daAuts
     D:2: 383 daAuts
  Temple: 208 daAuts
     D:4: 196 daAuts
